 Dungeon Crawl Stone Soup version 0.17.0-18-gaab0e96 (webtiles) character file.

50439 HaroldButt the Martial Artist (level 14, -1/81 HPs)
             Began as a Vine Stalker Monk on Nov 11, 2015.
             Was a Priest of Ru.
             Succumbed to an orc warlord's poison
             ... on level 2 of the Orcish Mines.
             The game lasted 01:20:55 (17314 turns).

HaroldButt the Martial Artist (Vine Stalker Monk)  Turns: 17314, Time: 01:20:55

Health: -1/81      AC: 22    Str: 16    XL:     14   Next: 55%
Magic:  3/15       EV:  9    Int:  8    God:    Ru [***...]
Gold:   2016       SH:  0    Dex: 23    Spells: 2 memorised, 5 levels left

rFire  . . .     SeeInvis .       - Unarmed
rCold  . . .     Clarity  .     Q - +0 plate armour
rNeg   . . .     SustAt   .     (no shield)
rPois  .         Gourm    .     e - +0 helmet
rElec  .         Spirit   +     (no cloak)
rCorr  .         Warding  .     f - +0 pair of gloves
rMut   .         Stasis   .     N - +1 pair of boots
MR     +....                    (no amulet)
Stlth  ..........               L - +2 ring of protection
                                M - +5 ring of dexterity

@: lethally poisoned (-1 -> -40), very slightly contaminated, hasted, very
quick, somewhat resistant to hostile enchantments, extremely unstealthy
A: fangs 3, clumsy 1, dopey 1, regeneration 3, magic shield, antimagic bite, no
device heal 3, rot immunity, no stealth, no charms magic, no ice magic, no
necromancy magic, slow reflexes 1
a: Draw Out Power, Renounce Religion


You were on level 2 of the Orcish Mines.
You worshipped Ru.
Ru was most pleased with you.
You were hungry.

You visited 4 branches of the dungeon, and saw 20 of its levels.
You also visited: Labyrinth and Ice Cave.

You collected 2016 gold pieces.

Inventory:

Hand Weapons
 l - a +1 blowgun
Missiles
 k - a throwing net
 n - 610 stones (quivered)
 p - 43 poisoned needles
Armour
 e - a +0 helmet (worn)
 f - a +0 pair of gloves (worn)
 v - a +3 leather armour
 B - a +0 buckler
 N - a +1 pair of boots (worn)
 Q - a +0 plate armour (worn)
Jewellery
 h - an uncursed ring of ice
 u - an uncursed ring of positive energy
 z - an uncursed ring of magical power
 D - a +4 ring of strength
 I - an uncursed amulet of regeneration
 L - a +2 ring of protection (right hand)
 M - a +5 ring of dexterity (left hand)
 V - an uncursed ring of teleportation
 W - an uncursed ring of wizardry
Wands
 i - a wand of fire (1)
 t - a wand of lightning (7)
 E - a wand of digging (9)
 P - a wand of cold (8)
 Z - a wand of cold (5)
Scrolls
 c - a scroll of immolation
 y - 3 scrolls of remove curse
 H - a scroll of fear
 J - 2 scrolls of enchant armour
 S - 4 scrolls of recharging
 X - a scroll of amnesia
Potions
 d - a potion of invisibility
 g - 3 potions of haste
 j - 5 potions of curing
 s - a potion of flight
 w - 3 potions of agility
 C - 5 potions of resistance
 G - a potion of heal wounds {unknown}
 K - a potion of cure mutation {unknown}
 O - 2 potions of ambrosia {unknown}
 R - a potion of cancellation {unknown}
 U - 3 potions of magic {unknown}
Books
 x - a book of Cantrips

   Spells                             Type                      Level
   a - Corona                         Hexes                        1
   b - Animate Skeleton               Necromancy                   1
   c - Summon Small Mammal            Summoning                    1
   d - Apportation                    Translocation                1
 A - a book of Transfigurations

   Spells                             Type                      Level
   a - Stoneskin                      Transmutation/Earth          2
   b - Irradiate                      Conjuration/Transmutation    5
   c - Statue Form                    Transmutation/Earth          6
   d - Hydra Form                     Transmutation                6
   e - Dragon Form                    Transmutation                7
 T - a book of Dreams

   Spells                             Type                      Level
   a - Ensorcelled Hibernation        Hexes/Ice                    2
   b - Phase Shift                    Translocation                5
   c - Shadow Creatures               Summoning                    5
   d - Silence                        Hexes/Air                    5
   e - Darkness                       Hexes                        6
   f - Mass Confusion                 Hexes                        6
Comestibles
 a - 3 royal jellies
 b - 8 bread rations
 m - 14 meat rations
 q - 5 beef jerkies
 r - 8 slices of pizza


   Skills:
 + Level 12.5 Fighting
 - Level 10.3 Armour
 - Level 10.6 Dodging
 + Level 12.9 Unarmed Combat


You had 5 spell levels left.
You knew the following spells:

 Your Spells              Type           Power        Failure   Level  Hunger
a - Stoneskin             Trmt/Erth      #.......     100%        2    ###....
b - Statue Form           Trmt/Erth      #........    100%        6    #######


Dungeon Overview and Level Annotations

Branches:
Dungeon (9/15)             Temple (1/1) D:4            Lair (7/8) D:9
  Swamp (0/4) Lair:4        Snake (0/4) Lair:5        Slime (0/6) Lair:7
    Orc (3/4) D:9
    Elf: Orc:3-4

Altars:
Dithmenos
Fedhas
Gozag
Kikubaaqudgha
Qazlal
Ru
Sif Muna
Trog
Vehumet
Xom
Yredelemnul
Zin
The Shining One
Lugonu

Shops:
D:8 *   D:9 :

Annotations:
Lair:2 exclusion: upstairs


Innate Abilities, Weirdness & Mutations

You have razor-sharp teeth.
You are clumsy. (Dex -2)
You are dopey. (Int -2)
You regenerate.
When hurt, damage is shared between your health and your magic reserves.
Your bite disrupts and absorbs the magic of your enemies.
Potions and wands cannot restore your health.
You are immune to rotting.
You cannot be stealthy.
You cannot study or cast Charms magic.
You cannot study or cast Ice magic.
You cannot study or cast Necromancy magic.
You have somewhat slow reflexes. (-3 EV)


Message History

You punch the orc warlord!
The orc warlord is heavily wounded.
You feel sick.
You punch the orc warlord!
You punch the orc warlord, but do no damage.
Your bite misses the orc warlord.
The orc warlord is heavily wounded.
You feel sick.
The orc warlord hits you with a halberd of venom!!
* * * LOW HITPOINT WARNING * * *
You are more poisoned.
* * * LOW HITPOINT WARNING * * *
You feel very sick.
* * * LOW HITPOINT WARNING * * *
You feel very sick.
* * * LOW HITPOINT WARNING * * *
You feel very sick.
* * * LOW HITPOINT WARNING * * *
You feel very sick.
You die...

##.##...###
##...#...#.#####
##...........#..##
#....##..........#
##.###...........#
##.##.#..[##.#..##
#......#.#.##...##
##.......((..##...#
#...@............##
###...#.....)...(...#
##....###......)<>...#
#....## ##.....[.....#
##..#.###............#
###..o#......)......#
#................##
##.##.........####
####.....#..#..##


There were no monsters in sight!

Vanquished Creatures
  Maud (Orc:2)
  A minotaur (Lab)
  5 hydras
  2 catoblepae
  17 death yaks
  A cyclops (Orc:2)
  A griffon (Lair:4)
  9 spiny frogs
  9 elephants
  2 ice statues (IceCv)
  3 black mambas
  A fire drake (Lair:5)
  9 komodo dragons
  4 trolls
  A polar bear (Lair:4)
  A boulder beetle (Lair:7)
  4 blink frogs (Lair:5)
  3 slime creatures (Lair:7)
  A spriggan (D:9)
  A deep elf mage (D:9)
  5 hippogriffs
  4 hungry ghosts (Lab)
  20 yaks
  Menkaure (D:4)
  21 wolves
  17 water moccasins
  Edmund (D:4)
  3 basilisks
  A swamp worm (Lair:4)
  A warg (Orc:3)
  3 nagas (Lair:5)
  A sky beast (D:4)
  6 ogres
  9 ice beasts
  4 black bears
  18 orc warriors
  A phantom (D:9)
  2 centaurs
  12 porcupines
  14 crocodiles
  10 giant frogs
  4 scorpions
  4 wights (D:8)
  11 killer bees (D:9)
  A quasit (D:9)
  4 crimson imps
  3 hounds
  17 orc priests
  3 jellies
  A gnoll shaman (D:9)
  7 worker ants
  2 giant frog skeletons
  Terence (D:2)
  15 orc wizards
  8 iguanas
  23 sheep
  The ghost of 4thArraOfDagon the Ruffian, a weakling MiMo (D:4)
  A hound zombie (D:7)
  4 gnolls (D:9)
  71 river rats
  8 adders
  12 white imps (Lair:5)
  An adder zombie (D:6)
  3 worms (D:3)
  2 adder skeletons
  2 giant geckos (D:1)
  80 orcs
  5 bats
  7 giant cockroaches
  7 hobgoblins
  9 jackals
  4 quokkas
  2 ball pythons
  A giant gecko zombie (D:8)
  3 giant newts
  9 goblins
  A jackal skeleton (D:3)
  7 kobolds
  2 quokka skeletons
  10 rats
  2 fungi (D:1)
588 creatures vanquished.

Vanquished Creatures (others)
  A torpor snail (Lair:7)
  A yak (D:9)
  A hippogriff (Lair:7)
  A porcupine (Lair:4)
  An orc (Orc:3)
  8 fungi
  3 plants
16 creatures vanquished.

Grand Total: 604 creatures vanquished

Notes
Turn   | Place    | Note
--------------------------------------------------------------
     0 | D:1      | HaroldButt the Vine Stalker Monk began the quest for the Orb.
     0 | D:1      | Reached XP level 1. HP: 11/11 MP: 2/2
   132 | D:1      | Reached XP level 2. HP: 16/16 MP: 3/3
   752 | D:1      | Reached XP level 3. HP: 19/19 MP: 4/4
  1154 | D:2      | Found a basalt altar of Yredelemnul.
  1162 | D:2      | Reached skill level 5 in Unarmed Combat
  1383 | D:2      | Noticed Terence
  1517 | D:2      | Killed Terence
  1517 | D:2      | Reached XP level 4. HP: 23/23 MP: 5/5
  1733 | D:2      | Found a sacrificial altar of Ru.
  1738 | D:2      | Became a worshipper of Ru the Awakened
  1755 | D:2      | Gained mutation: You cannot study or cast Ice magic. [Ru sacrifice]
  1755 | D:2      | Gained mutation: You cannot study or cast Necromancy magic. [Ru sacrifice]
  1755 | D:2      | Gained mutation: You cannot study or cast Charms magic. [Ru sacrifice]
  1755 | D:2      | Reached * piety under Ru
  1852 | D:3      | Found an opulent altar of Gozag.
  1935 | D:3      | Reached skill level 6 in Unarmed Combat
  2024 | D:3      | Reached XP level 5. HP: 27/27 MP: 6/6
  2530 | D:4      | Noticed Edmund
  2544 | D:5      | Entered Level 5 of the Dungeon
  2572 | D:5      | Found a stormy altar of Qazlal.
  2591 | D:5      | Reached skill level 7 in Unarmed Combat
  2591 | D:5      | Gained mutation: You heal very quickly. [Vine Stalker growth]
  2591 | D:5      | Reached XP level 6. HP: 24/32 MP: 5/7
  2723 | D:5      | Found a glowing golden altar of the Shining One.
  3082 | D:5      | Found a bloodstained altar of Trog.
  3166 | D:5      | Found a shimmering altar of Xom.
  3262 | D:4      | Reached skill level 8 in Unarmed Combat
  3275 | D:4      | Reached XP level 7. HP: 29/35 MP: 8/8
  3279 | D:4      | Found a staircase to the Ecumenical Temple.
  3305 | D:4      | Noticed an ogre
  3384 | D:4      | Killed an ogre
  3418 | Temple   | Entered the Ecumenical Temple
  3462 | D:4      | Noticed Menkaure
  3473 | D:4      | Killed Menkaure
  3473 | D:4      | Reached skill level 9 in Unarmed Combat
  3513 | D:4      | Noticed 4thArraOfDagon's ghost (weakling MiMo)
  3535 | D:4      | Killed 4thArraOfDagon's ghost
  3569 | D:4      | Noticed an ogre
  3575 | D:4      | Killed an ogre
  3583 | D:4      | Found a bloodstained altar of Trog.
  3817 | D:4      | Gained mutation: You have razor-sharp teeth. [Vine Stalker growth]
  3817 | D:4      | Reached XP level 8. HP: 20/39 MP: 9/9
  3861 | D:4      | Killed Edmund
  3861 | D:4      | Reached skill level 10 in Unarmed Combat
  4086 | D:6      | Found a shadowy altar of Dithmenos.
  4194 | D:6      | Reached skill level 5 in Fighting
  4878 | D:7      | Reached XP level 9. HP: 39/48 MP: 10/10
  5360 | D:8      | Found Zin's Purification Station.
  5360 | D:8      | Found a glowing silver altar of Zin.
  5939 | D:9      | Noticed an elephant
  5961 | D:9      | Killed an elephant
  5972 | D:9      | Found a staircase to the Lair.
  6034 | D:9      | Reached skill level 10 in Fighting
  6034 | D:9      | Reached XP level 10. HP: 42/59 MP: 11/11
  6192 | D:9      | Reached skill level 1 in Armour
  6354 | D:9      | Found a blossoming altar of Fedhas.
  6442 | D:9      | Gained mutation: You cannot be stealthy. [Ru sacrifice]
  6442 | D:9      | Reached ** piety under Ru
  6795 | D:9      | Found a staircase to the Orcish Mines.
  6957 | D:9      | Found Guupt's Book Boutique.
  7125 | Lair:1   | Entered Level 1 of the Lair of Beasts
  7223 | Lair:1   | Reached skill level 5 in Dodging
  7235 | Lair:1   | Noticed an eight-headed hydra
  7298 | Lair:2   | Reached XP level 11. HP: 42/63 MP: 12/12
  7338 | Lair:2   | Reached skill level 5 in Armour
  7900 | Lair:2   | Gained mutation: You are dopey. (Int -2) [Ru sacrifice]
  8181 | Lair:3   | Noticed a six-headed hydra
  8216 | Lair:2   | Noticed a seven-headed hydra
  8838 | Lair:1   | Killed an eight-headed hydra
  9435 | Lair:3   | Noticed a death yak
  9436 | Lair:3   | Noticed a death yak
  9437 | Lair:3   | Noticed a death yak
  9661 | Lair:3   | Killed a six-headed hydra
  9661 | Lair:3   | Gained mutation: You regenerate. [Vine Stalker growth]
  9661 | Lair:3   | Reached XP level 12. HP: 44/67 MP: 13/13
  9918 | Lair:3   | Killed a death yak
  9922 | Lair:3   | Killed a death yak
 10072 | Lair:3   | Killed a death yak
 10801 | Lair:4   | Found a staircase to the Swamp.
 10885 | Lair:4   | Noticed a catoblepas
 10901 | Lair:4   | Killed a catoblepas
 11555 | Lair:5   | Noticed a death yak
 11555 | Lair:5   | Noticed a death yak
 11555 | Lair:5   | Noticed a death yak
 11597 | Lair:5   | Found a frozen archway.
 11619 | Lair:5   | Reached skill level 10 in Dodging
 11672 | Lair:5   | Reached XP level 13. HP: 72/72 MP: 14/14
 11685 | IceCv    | Entered an ice cave
 11768 | IceCv    | Reached skill level 10 in Armour
 11891 | Lair:5   | Found a staircase to the Snake Pit.
 12094 | Lair:5   | Killed a death yak
 12104 | Lair:5   | Killed a death yak
 12115 | Lair:5   | Killed a death yak
 12772 | Lair:6   | Gained mutation: You have somewhat slow reflexes. (-3 EV) [Ru sacrifice]
 12772 | Lair:6   | Reached *** piety under Ru
 12976 | Lair:6   | HP: 1/72 [death yak (5)]
 13128 | Lair:6   | Reached skill level 11 in Unarmed Combat
 13529 | Lair:7   | HP: 3/73 [boulder beetle (18)]
 13720 | Lair:7   | Found a labyrinth entrance.
 13730 | Lab      | Entered a labyrinth
 14151 | Lab      | Found an exit through the horrors of the Abyss.
 14355 | Lab      | Noticed a minotaur
 14365 | Lab      | Killed a minotaur
 14396 | Lab      | Got a heavily runed chain mail
 14423 | Lab      | Got a heavily runed leather armour
 14467 | Lair:7   | Identified the +1 leather armour of Free Expression {Int+2} (You found it in a labyrinth)
 14477 | Lair:7   | Identified the cursed +0 chain mail "Mizoar" {Dex+5} (You found it in a labyrinth)
 14568 | Lair:7   | Learned a level 2 spell: Stoneskin
 14575 | Lair:7   | Learned a level 6 spell: Statue Form
 14647 | Lair:7   | Found a staircase to the Slime Pits.
 14727 | Lair:7   | Reached XP level 14. HP: 73/79 MP: 15/15
 14809 | Lair:7   | Reached skill level 12 in Unarmed Combat
 15615 | Lair:2   | Killed a seven-headed hydra
 15718 | Orc:1    | Entered Level 1 of the Orcish Mines
 16573 | Orc:3    | Noticed Maud
 16710 | Orc:2    | Killed Maud
 16966 | Orc:3    | Gained mutation: You are clumsy. (Dex -2) [Ru sacrifice]
 17054 | Orc:3    | Noticed an orc warlord
 17312 | Orc:2    | HP: 4/81 [poisoned by an orc warlord]
 17313 | Orc:2    | HP: 1/81 [poisoned by an orc warlord]
 17314 | Orc:2    | Succumbed to an orc warlord's poison

Action                   |  1- 3 |  4- 6 |  7- 9 | 10-12 | 13-15 || total
-------------------------+-------+-------+-------+-------+-------++-------
Melee: Unarmed           |   136 |   169 |   253 |   814 |   993 ||  2365
 Fire: Blowgun           |       |       |       |     5 |       ||     5
Invok: Sacrifice Arcana  |       |     1 |       |       |       ||     1
       Reject Sacrifices |       |       |     1 |     1 |       ||     2
       Sacrifice Stealth |       |       |       |     1 |       ||     1
       Sacrifice Purity  |       |       |       |     1 |     1 ||     2
       Draw Out Power    |       |       |       |       |     1 ||     1
       Sacrifice Health  |       |       |       |       |     1 ||     1
Evoke: Wand              |       |       |       |     6 |     1 ||     7
  Use: Scroll            |       |       |    13 |    12 |     8 ||    33
       Potion            |       |       |       |     1 |     5 ||     6
 Stab: Sleeping          |     7 |     3 |       |       |       ||    10
       Distracted        |       |       |       |     4 |     2 ||     6
       Invisible         |       |       |       |       |     4 ||     4
  Eat: Chunk             |     2 |     5 |    10 |    16 |    26 ||    59
       Fruit             |       |       |       |     3 |     3 ||     6
       Pizza             |       |       |       |       |     1 ||     1
